AoeStats
← NuMa | Gacha

Arabia

505247137Analyzed
2v2 RM · 25d ago on Sep 8, 2026· 53m 15s· 4 players
Game mode
Random Map
Map size
Medium (4 player)
Population
200
Speed
Normal
Resources
Standard
Victory
Conquest
Starting age
Dark Age
Ending age
Imperial Age
RankedLock teamsTeams togetherTeam positionsShared explorationLock speedFull tech treeHidden civsTurbo modeCheats
Victory
Defeat
🇹🇷 Mongols · Türkiye
1017
+18
🇩🇰 Spanish · Denmark
977
+19
🇦🇹 Bulgarians · Austria
1070
-19
🇨🇴 Italians · Colombia
1037
-18
Eru
9:11 Feudal Age
11:29 Double-Bit Axe
13:17 Loom
20:07 Castle Age
19:45 Fletching
19:55 Padded Archer Armor
19:48 Gold Mining
20:22 Stone Mining
21:08 Bodkin Arrow
24:30 Bow Saw
24:34 Scale Barding Armor
24:39 Forging
27:18 Leather Archer Armor
27:36 Thumb Ring
31:10 Chain Barding Armor
35:38 Imperial Age
34:56 Chain Barding Armor
39:04 Bracer
40:31 Gold Shaft Mining
40:30 Husbandry
40:40 Bloodlines
41:03 Parthian Tactics
41:55 Heavy Cavalry Archer
42:42 Onager
44:21 Conscription
44:24 Drill
45:14 Iron Casting
44:41 Husbandry
44:51 Bloodlines
46:30 Chemistry
44:56 Onager
49:36 Blast Furnace
47:58 Cavalier
51:14 Town Watch
52:04 Wheelbarrow
maltheh9797
12:35 Feudal Age
13:15 Loom
15:57 Wheelbarrow
22:32 Castle Age
20:56 Fletching
22:56 Double-Bit Axe
23:48 Thumb Ring
41:25 Ballistics
46:00 Squires
46:47 Scale Mail Armor
46:51 Pikeman
47:17 Gambesons
52:56 Hand Cart
Wellen_Willi
3:46 Loom
10:45 Feudal Age
11:26 Double-Bit Axe
15:06 Horse Collar
22:19 Castle Age
21:50 Gold Mining
23:01 Scale Mail Armor
23:03 Squires
25:15 Gambesons
26:15 Chain Mail Armor
25:48 Arson
33:25 Bloodlines
36:07 Forging
36:04 Husbandry
38:37 Wheelbarrow
39:08 Scale Barding Armor
43:23 Bow Saw
46:02 Hand Cart
46:30 Chain Barding Armor
47:12 Gold Shaft Mining
47:24 Town Watch
47:18 Light Cavalry
NuMa | Gacha
6:54 Loom
10:17 Feudal Age
10:50 Double-Bit Axe
18:30 Fletching
23:21 Castle Age
21:39 Padded Archer Armor
21:51 Forging
25:00 Bodkin Arrow
26:06 Gold Mining
26:01 Crossbowman
27:22 Bow Saw
27:15 Stone Mining
34:39 Stone Shaft Mining
34:25 Leather Archer Armor
35:29 Thumb Ring
39:51 Imperial Age
39:57 Imperial Age
40:49 Stone Shaft Mining
40:43 Bracer
44:46 Arbalester
46:03 Ring Archer Armor
47:19 Onager
Connection lost

Rejoining the realm…

Still unreachable

The connection could not be restored.

Session expired

The server has moved on; the page needs a fresh start.